 Dungeon Crawl Stone Soup version 0.26-a0-497-g0187308201 (webtiles) character file.

Game seed: 11236357734228975587

477087 MrRokkomies the Schismatic (level 23, -7/196 HPs)
             Began as a Palentonga Abyssal Knight on Aug 5, 2020.
             Was an Elder of Lugonu.
             Mangled by a spriggan berserker
             ... wielding a +0 war axe
              (9 damage)
             ... on level 2 of the Depths on Aug 6, 2020.
             The game lasted 03:08:22 (67155 turns).

MrRokkomies the Schismatic (PaAK)                  Turns: 67155, Time: 03:08:22

Health: -7/196     AC: 33    Str: 32    XL:     23   Next: 64%
Magic:  35/35      EV: 10    Int: 18    God:    Lugonu [****..]
Gold:   4655       SH: 15    Dex: 12    Spells: 22/22 levels left

rFire    + + +     SeeInvis +   a - +9 eveningstar (distort)
rCold    + + .     Faith    .   j - +2 shield of Resistance {rF+ rC+ MR+}
rNeg     + + +     Spirit   .   q - +8 gold dragon scales
rPois    +         Reflect  .   s - +2 hat {MR+}
rElec    +         Harm     .   H - +2 cloak {MR+}
rCorr    .                      r - +2 pair of gloves {Str+3}
MR       ++++.                  (boots restricted)
Stlth    ..........             g - amulet "Luocsenam" {Acrobat rC+ rN+++ Stlth-}
HPRegen  0.42/turn              f - ring of Umoskurgh {*Slow +Fly rElec rF+++ Int+4}
MPRegen  0.24/turn              T - ring of the Tick {rC- Str+7 SInv}

@: very slightly contaminated, slowed, studying Shields, very slow
A: large, rugged brown scales 3, see invisible, deformed body, roll, armoured
tail
}: 2/15 runes: serpentine, barnacled
a: Rolling Charge, Depart the Abyss, Bend Space, Banish, Corrupt, Renounce
Religion, Evoke Flight


You were on level 2 of the Depths.
You worshipped Lugonu.
Lugonu was greatly pleased with you.
You visited 9 branches of the dungeon, and saw 43 of its levels.
You visited the Abyss 3 times.
You also visited: Bailey, Ice Cave and Desolation.

You collected 8262 gold pieces.
You spent 3607 gold pieces at shops.

Inventory:

Hand Weapons
 a - a +9 eveningstar of distortion (weapon)
 b - a +7 demon whip of electrocution
Missiles
 c - 129 poisoned darts
 e - 20 javelins
 y - 52 boomerangs (quivered)
 C - 10 curare-tipped darts
 E - 38 silver javelins
 N - 4 throwing nets
Armour
 j - the +2 shield of Resistance (worn) {rF+ rC+ MR+}
   (You found it in the Desolation of Salt)

   It protects you from fire.
   It protects you from cold.
   It affects your resistance to hostile enchantments.
 q - +8 gold dragon scales (worn)
 r - a +2 pair of gloves of strength (worn)
 s - a +2 hat of magic resistance (worn)
 H - a +2 cloak of magic resistance (worn)
Jewellery
 f - the ring of Umoskurgh (left hand) {*Slow +Fly rElec rF+++ Int+4}
   (You found it on level 5 of the Lair of Beasts)

   [ring of flight]

   It affects your intelligence (+4).
   It renders you almost immune to fire.
   It insulates you from electricity.
   It lets you fly.
   It may slow you when you take damage.
 g - the amulet "Luocsenam" (around neck) {Acrobat rC+ rN+++ Stlth-}
   (You found it on level 1 of the Snake Pit)

   [amulet of the acrobat]

   It helps you evade while moving and waiting.
   It protects you from cold.
   It renders you almost immune to negative energy.
   It makes you less stealthy.
 w - an uncursed ring of resist corrosion
 T - the ring of the Tick (right hand) {rC- Str+7 SInv}
   (You bought it in a shop on level 8 of the Dungeon)

   [ring of see invisible]

   It affects your strength (+7).
   It makes you vulnerable to cold.
   It lets you see invisible.
 X - the ring "Jesi" {rC+ Dex+7}
   (You found it in the Desolation of Salt)

   [ring of protection from cold]

   It affects your dexterity (+7).
   It protects you from cold.
Wands
 i - a wand of paralysis (43)
 l - a wand of acid (45)
 u - a wand of digging (14)
 Q - a wand of iceblast (29)
Scrolls
 p - 8 scrolls of blinking
 t - 4 scrolls of immolation
 v - 3 scrolls of teleportation
 z - 7 scrolls of magic mapping
 A - a scroll of fog
 L - 7 scrolls of identify
 R - 2 scrolls of summoning
 V - a scroll of silence
 W - 15 scrolls of remove curse
 Z - 7 scrolls of fear
Potions
 d - 2 potions of magic
 k - 2 potions of might
 n - 15 potions of flight
 D - 5 potions of berserk rage
 F - 3 potions of resistance
 G - a potion of stabbing
 I - 11 potions of curing
 K - 4 potions of cancellation
 P - 3 potions of haste
 S - a potion of invisibility
Books
 o - a manual of Shields
Miscellaneous
 m - a phial of floods
 x - a phantom mirror
 O - a lightning rod (4/4)
 Y - a tin of tremorstones (3/3)


   Skills:
 + Level 16.0 Fighting
 - Level 16.0 Maces & Flails
 + Level 14.5 Throwing
 - Level 14.0 Armour
 * Level 14.3 Dodging
 + Level 10.1 Shields
 * Level 17.8 Invocations
 - Level 14.4 Evocations


You had 22 spell levels left.
You didn't know any spells.
Your spell library contained the following spells:

 Spells                   Type           Power        Failure   Level
 Animate Skeleton         Necr           #.....       97%         1
 Apportation              Tloc           #.....       97%         1
 Foxfire                  Conj/Fire      #...         97%         1
 Freeze                   Ice            #...         97%         1
 Magic Dart               Conj           #...         97%         1
 Pain                     Necr           #...         97%         1
 Sting                    Tmut/Pois      #...         97%         1
 Summon Small Mammal      Summ           #...         97%         1
 Blink                    Tloc           N/A          99%         2
 Call Imp                 Summ           #.......     99%         2
 Poisonous Vapours        Pois/Air       #.....       99%         2
 Slow                     Hex            #.......     99%         2
 Call Canine Familiar     Summ           #.......     100%        3
 Conjure Flame            Conj/Fire      #.......     100%        3
 Frozen Ramparts          Ice            #.....       100%        3
 Gell's Gravitas          Tloc           #.........   100%        3
 Ignite Poison            Fire/Tmut/Pois #.......     100%        3
 Inner Flame              Hex/Fire       #.......     100%        3
 Lesser Beckoning         Tloc           #.........   100%        3
 Mephitic Cloud           Conj/Pois/Air  #.......     100%        3
 Ozocubu's Armour         Ice            #.......     100%        3
 Spider Form              Tmut/Pois      #.........   100%        3
 Summon Guardian Golem    Hex/Summ       #.......     100%        3
 Teleport Other           Tloc           #.......     100%        3
 Tukima's Dance           Hex            #.......     100%        3
 Vampiric Draining        Necr           #.........   100%        3
 Animate Dead             Necr           #.........   100%        4
 Fulminant Prism          Conj/Hex       #.........   100%        4
 Hailstorm                Conj/Ice       #.......     100%        4
 Ice Form                 Ice/Tmut       #.......     100%        4
 Leda's Liquefaction      Hex/Erth       #.........   100%        4
 Olgreb's Toxic Radiance  Pois           #.......     100%        4
 Passage of Golubria      Tloc           N/A          100%        4
 Sticky Flame             Conj/Fire      #.......     100%        4
 Summon Ice Beast         Ice/Summ       #.......     100%        4
 Summon Lightning Spire   Summ/Air       #.......     100%        4
 Agony                    Necr           #.......     100%        5
 Alistair's Intoxication  Tmut/Pois      #........    100%        5
 Bolt of Magma            Conj/Fire/Erth #.........   100%        5
 Fireball                 Conj/Fire      #.........   100%        5
 Irradiate                Conj/Tmut      #.........   100%        5
 Iskenderun's Battlesphe  Conj           #.......     100%        5
 Lightning Bolt           Conj/Air       #.........   100%        5
 Silence                  Hex/Air        #.........   100%        5
 Summon Mana Viper        Hex/Summ       #.......     100%        5
 Yara's Violent Unravell  Hex/Tmut       #.........   100%        5
 Conjure Ball Lightning   Conj/Air       #.........   100%        6
 Hydra Form               Tmut           #.........   100%        6
 Invisibility             Hex            #.......     100%        6
 Iron Shot                Conj/Erth      #.........   100%        6
 Shadow Creatures         Summ           N/A          100%        6
 Statue Form              Tmut/Erth      #........    100%        6
 Dragon Form              Tmut           #.........   100%        7
 Haunt                    Necr/Summ      #.........   100%        7
 Orb of Destruction       Conj           #.........   100%        7
 Spellforged Servitor     Conj/Summ      #.........   100%        7
 Borgnjor's Revivificati  Necr           #.........   100%        8
 Infestation              Necr           #.........   100%        8
 Necromutation            Tmut/Necr      #.........   100%        8
 Death's Door             Necr           #.........   100%        9
 Tornado                  Air            #.........   100%        9


Dungeon Overview and Level Annotations

Branches:
Dungeon (15/15)            Temple (0/1) D:5            Lair (6/6) D:11
 Shoals (4/4) Lair:3        Snake (4/4) Lair:2        Slime (0/5) Lair:5
    Orc (2/2) D:12            Elf (3/3) Orc:2        Vaults (4/5) D:13
  Crypt (3/3) Vaults:2       Tomb (0/3) Crypt:3      Depths (2/5) D:15
 Bailey (visited)           IceCv (visited)         Desolation (visited)

Altars:
Ashenzari
Elyvilon
Fedhas
Gozag
Kikubaaqudgha
Qazlal
Ru
Sif Muna
Uskayaw
Vehumet
Xom
Yredelemnul
Beogh
Jiyva

Shops:
D:8 }*!=   D:10 =}   D:14 ?   Orc:1 !   Orc:2 [??*   Elf:1 *   Shoals:4 [
Vaults:1 !([   Vaults:3 [   Vaults:4 *[[   Depths:2 !

Portals:
Hell: Depths:1 Depths:2
Pandemonium: Depths:1
Trove: Elf:1 (show abyssal rune of Zot)

Annotations:
D:6 exclusion: statue
D:9 2 runed translucent doors, mora's ghost, novice DgTm
D:12 exclusion: oklob plant
D:13 1 runed translucent door, kuniqs's ghost, journeyman DECj
Lair:3 exclusion: oklob plant
Lair:5 1 runed translucent door, MrRokkomies's ghost, journeyman PaAK
Lair:6 1 runed translucent door, chipmonk's ghost, journeyman GrFi
Snake:4 corrupted
Elf:3 corrupted, 1 exclusion
Vaults:2 exclusion: obsidian statue
Crypt:3 corrupted
Depths:2 corrupted, the Enchantress
Abyss:1 Azrael; Jory; Roxanne; Rupert; Sojobo


Innate Abilities, Weirdness & Mutations

You are completely covered in rugged brown scales. (AC +3, +7% HP)
You have supernaturally acute eyesight. (SInv)
Armour fits poorly on your strangely shaped body.
You can roll at foes to attack.
You have a long armoured tail.


Message History

Okay, then.
Unknown command.
Unknown command.
Press: ? - help, Dir - move target cursor You are very lightly contaminated with residual magic.
As you read the scroll of blinking, it crumbles to dust.
You feel sick.
The Enchantress mumbles some strange words.
The Enchantress seems to speed up.
You feel better. The tengu reaver casts a spell at you.
The bolt of lightning hits you! You resist.
* * * LOW HITPOINT WARNING * * *
The bolt of lightning hits you! You resist.
* * * LOW HITPOINT WARNING * * *
Press: ? - help, Dir - move target cursor
As you read the scroll of blinking, it crumbles to dust.
The spriggan berserker invokes Trog's protection!
The spriggan berserker hits you with a +0 war axe!
You die...

#......#.P.X.P.P...7
###..≈≈..#2....P.P..7.
.#..≈.....P$P.P.P..77
'.[#≈..#.P.P.P.P...7
#..≈≈....P.P.P.P..7.
#..≈#..#.P.P3P.P...7
#..≈≈..#.P.P.P.P...7
#i....?#.P.P.P.P...7
#.i@...#.P.P.P.P....
#####'''####..........?.
#..........#........
#..........#.P$P.P.P
#......Q...#.P.P.P.P
#........i.#
#..........#
#.........§#
#+########+#


You could see the Enchantress (fast, repels missiles), a tengu reaver, 2
spriggan berserkers and a neutral blizzard demon (summoned).

Vanquished Creatures
  Mennas (Crypt:3)
  Mara (Shoals:4)
  An ancient lich (Crypt:3)
  Xtahua (Vaults:4)
  A profane servitor (Crypt:3)
  3 liches
  Jorgrun (Orc:2)
  The ghost of Morbidden the Warrior, an adept DsBr of Dithmenos (Elf:3)
  A titan (Shoals:3)
  A kraken (Shoals:2)
  Gastronok (D:12)
  A sphinx (Crypt:3)
  2 ancient champions
  A shadow dragon (Vaults:4)
  Ilsuiw (Shoals:2)
  3 nagarajas
  3 tengu reavers
  A revenant (Crypt:3)
  2 deep elf sorcerers
  2 vault wardens
  5 fire giants
  Aizul (Vaults:1)
  Louise (Shoals:1)
  A deep elf elementalist (Depths:1)
  A frost giant (Depths:1)
  A spriggan defender (Depths:2)
  A curse skull (Crypt:3)
  A reaper (Crypt:2)
  2 very ugly things
  3 ghouls (Crypt:2)
  6 ironheart preservers
  8 stone giants
  2 deep elf demonologists
  A vampire knight (Crypt:1)
  2 halazid warlocks (Desolation)
  A mummy priest (Crypt:3)
  3 deep elf death magi
  4 merfolk javelineers
  4 eidola
  Josephine (Orc:1)
  6 ettins
  6 merfolk impalers
  4 jiangshi
  4 fire dragons
  5 yaktaur captains
  4 rakshasas
  6 servants of whispers (Desolation)
  2 ragged hierophants (Desolation)
  A vault guard (Vaults:3)
  3 ice dragons
  4 peacekeepers (Desolation)
  6 naga warriors
  7 hydras
  A hell beast (Depths:1)
  Harold (D:9)
  A merfolk avatar (Shoals:2)
  A spriggan air mage (Depths:2)
  6 merfolk aquamancers
  6 anacondas
  11 centaur warriors
  A death knight (Vaults:4)
  37 two-headed ogres
  A catoblepas (Lair:2)
  4 deep troll earth magi
  Erica (Abyss:1)
  11 ogre magi
  4 deep troll shamans
  19 dancing weapons
  5 satyrs
  2 spriggan berserkers (Depths:2)
  A vampire mage (Crypt:1)
  5 death yaks (D:11)
  3 orc high priests
  7 naga sharpshooters
  A shock serpent (Snake:2)
  13 deep elf knights
  2 salamander mystics
  2 soul eaters
  A sun demon (Abyss:2)
  15 skeletal warriors
  3 shadow wraiths
  2 unseen horrors
  An iron troll (Depths:2)
  A death drake (shapeshifter) (Elf:2)
  2 glowing orange brains
  2 large abominations (Abyss:2)
  12 deep trolls
  10 sea snakes
  6 naga ritualists
  2 flayed ghosts (Crypt:2)
  Pikel (D:7)
  5 wizards
  9 deep elf archers
  11 ironbrand convokers
  3 necromancers
  12 orc knights
  8 phantasmal warriors
  32 ugly things
  6 harpies (Shoals:3)
  A frost giant zombie (Vaults:2)
  8 mana vipers
  5 wolf spiders
  50 deep elf magi
  6 manticores
  12 cyclopes
  29 fauns
  7 salamanders
  8 orc sorcerers
  A stone giant skeleton (Vaults:3)
  A manticore (shapeshifter) (Vaults:3)
  8 merfolk sirens
  14 vault sentinels
  A centaur zombie (D:11)
  3 ice statues (IceCv)
  A rust devil (Depths:1)
  4 elephants (Lair:5)
  12 water nymphs
  Maurice (Abyss:1)
  8 naga magi
  Joseph (D:8)
  32 black mambas
  2 guardian serpents
  An apocalypse crab (Abyss:2)
  A cane toad (shapeshifter) (Vaults:1)
  A torpor snail (Lair:5)
  9 cane toads
  A gargoyle (D:10)
  A rime drake (shapeshifter) (Vaults:1)
  A death yak zombie (Crypt:3)
  A smoke demon (Depths:1)
  Maggie (Lair:1)
  An efreet (D:14)
  A redback zombie (D:14)
  8 freezing wraiths
  32 yaktaurs
  A human zombie (Vaults:3)
  A green draconian skeleton (Crypt:1)
  3 red devils (Abyss:2)
  3 rime drakes
  8 komodo dragons
  An anaconda simulacrum (Crypt:3)
  7 guardian mummies (Crypt:3)
  6 polar bears
  3 tengu conjurers (Depths:2)
  17 merfolk
  A jumping spider (Vaults:2)
  9 trolls
  12 blink frogs
  A jumping spider (shapeshifter) (Depths:2)
  2 wind drakes
  Prince Ribbit (D:8)
  25 saltlings (Desolation)
  A spectral guardian serpent (Snake:2)
  7 hornets
  3 raiju (Abyss:2)
  2 bog bodies (Crypt:2)
  33 slime creatures
  10 snapping turtles
  A blink frog (shapeshifter) (Depths:1)
  7 hippogriffs
  A raiju (shapeshifter) (Depths:2)
  3 spectral nagas (Snake:2)
  10 dream sheep
  2 flying skulls (Vaults:2)
  5 redbacks
  A centaur simulacrum (D:11)
  18 water elementals
  4 wyverns
  14 spriggans
  2 tarantellas
  A wind drake zombie (Crypt:2)
  44 yaks
  6 fire elementals
  A basilisk (D:14)
  8 wraiths
  A neqoxec (Depths:1)
  2 chaos spawn
  Grum (D:8)
  A steam dragon (Lair:3)
  6 wargs
  30 nagas
  An acid dragon (Vaults:2)
  7 water moccasins
  5 porcupines
  A hell hound (D:12)
  43 orc warriors
  A human skeleton (Vaults:2)
  A sky beast (shapeshifter) (Vaults:1)
  11 ice beasts
  A merfolk skeleton (Crypt:1)
  4 small abominations (Abyss:2)
  4 black bears
  A necrophage (Crypt:2)
  An eye of draining (shapeshifter) (Abyss:2)
  A black mamba simulacrum (Snake:2)
  An eye of draining (D:13)
  31 ogres
  35 wolves
  22 boggarts
  2 elf skeletons
  5 sky beasts
  A torpor snail zombie (Crypt:1)
  28 centaurs
  A dream sheep skeleton (Crypt:2)
  7 crocodiles
  Blork the orc (D:6)
  4 big kobolds
  13 bullfrogs
  An earth elemental (Elf:2)
  2 wyvern zombies
  An elf simulacrum (Vaults:1)
  A palentonga skeleton (Crypt:2)
  A draconian skeleton (Crypt:1)
  A scorpion (D:13)
  10 killer bees (D:13)
  2 naga simulacra (Snake:2)
  27 wights
  A polar bear skeleton (Crypt:1)
  4 howler monkeys
  4 electric eels
  A bullfrog zombie (D:13)
  2 human simulacra
  12 hounds
  4 quasits
  A salamander simulacrum (Snake:2)
  A demonspawn zombie (Crypt:2)
  3 jellies
  2 centaur skeletons
  A gnoll shaman (D:4)
  4 bullfrog skeletons
  2 iguanas
  31 orc priests
  Crazy Yiuf (D:7)
  26 orc wizards
  11 worker ants
  A porcupine skeleton (Crypt:2)
  A big kobold zombie (Crypt:1)
  A hound zombie (D:9)
  A deep dwarf skeleton (Crypt:1)
  2 hound skeletons (D:6)
  A howler monkey zombie (D:9)
  A mummy (Crypt:3)
  10 gnolls
  A worker ant zombie (D:9)
  7 adders
  A howler monkey skeleton (D:10)
  A swamp drake zombie (Crypt:1)
  A swamp drake skeleton (Crypt:3)
  4 shadow imps (Depths:1)
  4 white imps
  6 ufetubi
  2 oozes
  An adder skeleton (D:4)
  An adder zombie (D:7)
  2 worms
  3 dart slugs
  8 leopard geckos
  119 orcs
  5 giant cockroaches
  24 goblins
  20 hobgoblins
  15 jackals
  6 quokkas
  A ball python (D:2)
  A ball python skeleton (Crypt:3)
  9 bats
  5 frilled lizards
  A jackal skeleton (D:6)
  28 kobolds
  A leopard gecko skeleton (D:6)
  A quokka skeleton (D:9)
  10 rats
  2 crawling corpses (Elf:2)
  6 plants
  2 tentacles (Shoals:2)
1732 creatures vanquished.

Vanquished Creatures (others)
  An ancient lich (Crypt:2)
  A bone dragon (Abyss:2)
  A lich (Crypt:3)
  2 deep elf blademasters (Elf:3)
  A titan (Vaults:3)
  5 ancient champions (Crypt:3)
  2 deep elf master archers (Elf:3)
  A thorn hunter (Depths:2)
  The ghost of Fasorgh the Executioner, an adept HOBe of Trog (Snake:2)
  8 nagarajas (Snake:4)
  2 revenants
  A frost giant (Depths:1)
  4 deep elf sorcerers (Elf:3)
  A balrug (Abyss:2)
  An imperial myrmidon (Desolation)
  An orc warlord (Bailey)
  5 vault wardens
  8 ironheart preservers
  3 ghouls
  3 deep elf elementalists (Elf:3)
  A spriggan defender (Depths:2)
  An entropy weaver (Vaults:2)
  4 deep elf demonologists (Elf:3)
  A stone giant (Vaults:3)
  3 halazid warlocks (Desolation)
  6 deep elf annihilators (Elf:3)
  3 vampire knights (Crypt:3)
  An eidolon (Crypt:3)
  A spark wasp (Depths:1)
  8 deep elf death magi
  An ettin (D:15)
  A fire dragon (Vaults:2)
  3 ragged hierophants (Desolation)
  2 yaktaur captains
  3 jiangshi (Crypt:3)
  2 merfolk impalers (Shoals:4)
  2 deep elf high priests (Elf:3)
  2 servants of whispers (Desolation)
  A vault guard (Vaults:3)
  A hydra (D:14)
  7 peacekeepers (Desolation)
  A hell beast (Depths:2)
  7 naga warriors
  2 anacondas (Snake:4)
  A death knight (D:14)
  2 centaur warriors
  An alligator snapping turtle (Shoals:3)
  2 merfolk aquamancers (Shoals:4)
  6 two-headed ogres
  A deep troll shaman (Vaults:3)
  A death yak (D:11)
  A satyr (Depths:2)
  4 ogre magi
  3 vampire magi
  2 orc high priests (Orc:2)
  6 naga sharpshooters
  A dancing weapon (Elf:2)
  A spriggan berserker (Depths:1)
  2 deep elf knights
  10 skeletal warriors
  A titan skeleton (Depths:2)
  A storm dragon skeleton (Vaults:2)
  A sea snake (Shoals:4)
  2 deep trolls
  A flayed ghost (Crypt:2)
  3 naga ritualists
  A phantasmal warrior (Crypt:2)
  2 deep elf archers
  6 ironbrand convokers
  3 orc knights
  2 harpies (Shoals:3)
  5 ugly things
  2 manticores
  A necromancer (Vaults:2)
  4 mana vipers
  7 deep elf magi
  3 fauns
  2 salamanders
  A rust devil (Depths:2)
  A guardian serpent (Desolation)
  2 vault sentinels
  A centaur zombie (D:15)
  2 merfolk sirens (Shoals:1)
  2 water nymphs
  A frost giant skeleton (Vaults:2)
  16 naga magi (Snake:4)
  6 black mambas
  A centaur skeleton (D:14)
  2 yaktaurs
  A freezing wraith (Vaults:3)
  An iron troll skeleton (Crypt:1)
  A small abomination (Elf:3)
  A guardian mummy (Crypt:3)
  3 merfolk
  A spectral naga (Snake:2)
  A troll (D:14)
  2 red devils
  3 slime creatures
  44 saltlings (Desolation)
  A hippogriff (D:15)
  An ettin zombie (Crypt:3)
  2 water elementals (Shoals:2)
  2 vampires (Crypt:3)
  2 ettin skeletons (Crypt:3)
  11 nagas
  A hornet zombie (Crypt:3)
  An ettin simulacrum (Crypt:3)
  9 orc warriors
  A black mamba simulacrum (Snake:2)
  A sky beast (D:15)
  4 ogres
  2 boggarts
  A centaur (Vaults:2)
  A yaktaur zombie (Crypt:3)
  An iron imp (Depths:1)
  A crocodile zombie (Crypt:3)
  A gnoll (Bailey)
  A howler monkey skeleton (D:11)
  2 orcs
  4 hobgoblins (Bailey)
  2 bushes
  3 crawling corpses (Elf:3)
  8 fungi
  31 plants
  32 starspawn tentacles
  8 tentacles
  8 toadstools (D:12)
442 creatures vanquished.

Grand Total: 2174 creatures vanquished

Notes
Turn   | Place    | Note
-------+----------+-------------------------------------------
     0 | Abyss:1  | MrRokkomies the Palentonga Abyssal Knight began the quest
                  | for the Orb.
     0 | Abyss:1  | Reached XP level 1. HP: 19/19 MP: 2/2
    32 | Abyss:1  | Noticed a large abomination
    70 | Abyss:1  | Noticed a starcursed mass
    71 | Abyss:1  | Noticed an ancient zyme
    78 | Abyss:1  | Noticed a lich
   107 | Abyss:1  | Noticed a large abomination
   124 | Abyss:1  | Noticed a thrashing horror
   126 | D:1      | Escaped the Abyss
   673 | D:1      | You fall into a shaft and drop 1 floor!
   676 | D:2      | Reached XP level 2. HP: 25/25 MP: 3/3
   692 | D:2      | Reached skill level 1 in Dodging
  1207 | D:2      | Reached * piety under Lugonu
  1282 | D:2      | Reached XP level 3. HP: 21/31 MP: 4/4
  1848 | D:2      | Reached skill level 3 in Invocations
  1896 | D:3      | You fall into a shaft and drop 2 floors!
  1896 | D:5      | Entered Level 5 of the Dungeon
  1967 | D:4      | Reached XP level 4. HP: 36/37 MP: 6/6
  2011 | D:3      | Reached ** piety under Lugonu
  2504 | D:3      | Reached XP level 5. HP: 43/43 MP: 7/7
  3016 | D:4      | Noticed an ogre
  3024 | D:3      | Killed an ogre
  3024 | D:3      | Reached skill level 4 in Invocations
  3024 | D:3      | Reached XP level 6. HP: 34/51 MP: 7/9
  3946 | D:5      | Found a staircase to the Ecumenical Temple.
  3959 | D:5      | Reached skill level 5 in Invocations
  3959 | D:5      | Reached XP level 7. HP: 43/57 MP: 10/10
  4092 | D:5      | Found a hide-covered altar of Uskayaw.
  4102 | D:5      | Reached *** piety under Lugonu
  4102 | D:5      | Reached skill level 5 in Maces & Flails
  5174 | D:6      | Noticed Blork the orc
  5183 | D:6      | Killed Blork the orc
  5307 | D:6      | Reached skill level 6 in Invocations
  5346 | D:5      | Reached XP level 8. HP: 27/65 MP: 12/12
  5900 | D:6      | Found a radiant altar of Vehumet.
  5941 | D:6      | Reached skill level 5 in Fighting
  6321 | D:6      | Found a shimmering altar of Xom.
  6328 | D:6      | Found a stormy altar of Qazlal.
  6650 | D:6      | Reached skill level 7 in Invocations
  7380 | D:7      | Found a hide-covered altar of Uskayaw.
  7416 | D:7      | Reached XP level 9. HP: 64/72 MP: 14/14
  7427 | D:7      | Reached **** piety under Lugonu
  7757 | D:7      | Reached skill level 8 in Invocations
  7814 | D:7      | Found a sacrificial altar of Ru.
  7940 | D:7      | Found a runed translucent door.
  7941 | D:7      | Noticed Crazy Yiuf
  7947 | D:7      | Killed Crazy Yiuf
  8040 | D:8      | Found Onankef's Jewellery Emporium.
  8052 | D:8      | Bought a cursed amulet of inaccuracy for 26 gold pieces
  8052 | D:8      | Bought a cursed ring of attention for 58 gold pieces
  8056 | D:8      | Found Lun Qaorr's Distillery.
  8066 | D:8      | Bought a potion of curing for 42 gold pieces
  8066 | D:8      | Bought a potion of curing for 42 gold pieces
  8066 | D:8      | Bought a potion of heal wounds for 70 gold pieces
  8073 | D:8      | Noticed Joseph
  8090 | D:8      | Noticed Pikel
  8096 | D:8      | Killed Joseph
  8255 | D:7      | Killed Pikel
  8255 | D:7      | Reached skill level 9 in Invocations
  8474 | D:8      | Noticed Erica
  8492 | D:8      | Banished Erica
  8492 | D:8      | Reached XP level 10. HP: 42/82 MP: 15/17
  8674 | D:8      | Found a shattered altar of Ashenzari.
  8715 | D:8      | Found Raguegg's Assorted Antiques.
  8726 | D:8      | Found Nufan's Gadget Emporium.
  8738 | D:8      | Noticed Grum
  8772 | D:8      | Killed Grum
  9290 | D:9      | Reached skill level 5 in Dodging
  9578 | D:9      | Noticed Prince Ribbit
  9616 | D:8      | Killed Prince Ribbit
  9616 | D:8      | Reached skill level 10 in Invocations
  9999 | D:9      | Reached ***** piety under Lugonu
 10190 | D:9      | Found a large runed translucent door.
 10190 | D:9      | Found a large runed translucent door.
 10194 | D:9      | Noticed mora's ghost (novice DgTm)
 10265 | D:9      | Reached skill level 1 in Evocations
 10686 | D:9      | Noticed Harold
 11109 | D:9      | Killed Harold
 11109 | D:9      | Reached skill level 10 in Maces & Flails
 11256 | D:10     | Entered Level 10 of the Dungeon
 11256 | D:10     | Found Caqaat's Gadget Boutique.
 11591 | D:9      | Reached XP level 11. HP: 66/92 MP: 18/18
 12191 | D:10     | Found a roughly hewn altar of Beogh.
 12501 | D:10     | Found Lefaxush's Jewellery Shop.
 13177 | D:11     | Noticed a two-headed ogre
 13178 | D:11     | Banished a two-headed ogre
 13278 | D:11     | Reached skill level 1 in Shields
 13384 | D:11     | Noticed a death yak
 13403 | D:11     | Killed a death yak
 13490 | D:11     | Noticed a death yak
 13494 | D:11     | Noticed a death yak
 13496 | D:11     | Noticed a death yak
 13497 | D:11     | Noticed a four-headed hydra
 13498 | D:11     | Noticed a death yak
 13499 | D:11     | Noticed a death yak
 13518 | D:11     | Killed a death yak
 13534 | D:10     | Killed a four-headed hydra
 13830 | D:11     | Noticed a brown ugly thing
 13830 | D:11     | Noticed an unseen horror
 13842 | D:11     | Killed an unseen horror
 13862 | D:11     | Killed a brown ugly thing
 14462 | D:11     | Killed a death yak
 14463 | D:11     | Banished a death yak
 14485 | D:11     | Killed a death yak
 14485 | D:11     | Reached XP level 12. HP: 64/103 MP: 4/19
 14503 | D:11     | Killed a death yak
 14503 | D:11     | Reached skill level 10 in Fighting
 14790 | D:11     | Found a staircase to the Lair.
 15187 | D:11     | Found a white marble altar of Elyvilon.
 15348 | D:12     | Noticed Azrael
 15349 | D:12     | Banished Azrael
 15760 | D:12     | Found a flagged portal.
 15765 | Bailey   | Entered a bailey
 16203 | Bailey   | Noticed an orc warlord
 16205 | Bailey   | Corrupted Bailey
 16205 | Bailey   | Noticed a balrug
 16205 | Bailey   | Noticed a tentacled monstrosity
 16205 | Bailey   | Noticed a purple very ugly thing
 16205 | Bailey   | Noticed a rakshasa
 16212 | Bailey   | Killed an orc warlord
 16216 | Bailey   | Noticed a lich
 16223 | Bailey   | Noticed a starcursed mass
 16371 | Lair:1   | Entered Level 1 of the Lair of Beasts
 16371 | Lair:1   | Noticed Maggie
 16418 | Lair:1   | Killed Maggie
 16550 | Lair:1   | Reached skill level 5 in Evocations
 17815 | Lair:1   | You fall into a shaft and drop 1 floor!
 18728 | Lair:2   | Reached skill level 1 in Throwing
 18857 | Lair:2   | Found a staircase to the Snake Pit.
 18857 | Lair:2   | Noticed a catoblepas
 18880 | Lair:2   | Killed a catoblepas
 19707 | Lair:3   | Noticed Rupert
 20174 | Lair:3   | Found a staircase to the Shoals.
 20956 | Lair:3   | Banished Rupert
 20956 | Lair:3   | Reached XP level 13. HP: 110/110 MP: 11/20
 21701 | Lair:4   | Reached XP level 14. HP: 117/117 MP: 21/21
 21702 | Lair:4   | Reached skill level 5 in Shields
 21702 | Lair:4   | Reached XP level 15. HP: 123/123 MP: 22/22
 22584 | Lair:5   | Found a staircase to the Slime Pits.
 22584 | Lair:5   | Found a viscous altar of Jiyva.
 22597 | Lair:5   | Found a runed translucent door.
 22597 | Lair:5   | Noticed MrRokkomies's ghost (journeyman PaAK)
 22931 | D:8      | Bought a scorched platinum ring for 135 gold pieces
 22931 | D:8      | Bought a wavering turquoise ring for 135 gold pieces
 22932 | D:8      | Identified the ring "Enwaotug" {Wiz +Fly} (You bought it in
                  | a shop on level 8 of the Dungeon)
 22934 | D:8      | Identified the ring of the Tick {rC- Str+7 SInv} (You
                  | bought it in a shop on level 8 of the Dungeon)
 22947 | D:8      | Bought a scroll of enchant armour for 202 gold pieces
 23247 | Lair:5   | Identified a scroll of acquirement
 23247 | Lair:5   | Acquired a manual of Evocations
 23649 | Lair:5   | Got a faintly glowing lead ring
 23651 | Lair:5   | Identified the ring of Umoskurgh {*Slow +Fly rElec rF+++
                  | Int+4} (You found it on level 5 of the Lair of Beasts)
 23798 | Lair:5   | Reached skill level 5 in Throwing
 24051 | Lair:6   | Entered Level 6 of the Lair of Beasts
 24141 | Lair:6   | Found a runed translucent door.
 24141 | Lair:6   | Identified the +6 trident of the Spheres {vorpal, Dex+4}
 24141 | Lair:6   | Noticed chipmonk's ghost (journeyman GrFi)
 24557 | Lair:6   | Acquired 710 gold pieces
 24886 | Lair:6   | Paralysed by a hornet for 3 turns
 26028 | D:12     | Found a staircase to the Orcish Mines.
 26029 | D:12     | Noticed Gastronok
 26137 | D:12     | Killed Gastronok
 26721 | D:12     | Found a blossoming altar of Fedhas.
 26881 | Orc:1    | Entered Level 1 of the Orcish Mines
 26986 | Orc:1    | Found a roughly hewn altar of Beogh.
 26996 | Orc:1    | Found a frozen archway.
 27003 | Orc:1    | Noticed Josephine
 27005 | IceCv    | Entered an ice cave
 27164 | IceCv    | Reached skill level 10 in Dodging
 27164 | IceCv    | Reached XP level 16. HP: 67/130 MP: 23/23
 27645 | Orc:1    | Killed Josephine
 27645 | Orc:1    | Reached skill level 5 in Armour
 28017 | Orc:1    | Found Baoc Haa's Distillery.
 28050 | Orc:1    | Bought a potion of heal wounds for 50 gold pieces
 28050 | Orc:1    | Bought a potion of curing for 30 gold pieces
 28050 | Orc:1    | Bought a potion of curing for 30 gold pieces
 28129 | Orc:2    | Entered Level 2 of the Orcish Mines
 28777 | Orc:2    | Found a staircase to the Elven Halls.
 29035 | Orc:2    | Noticed Jorgrun
 29063 | Orc:2    | Killed Jorgrun
 29436 | Orc:2    | Found Ajeet's Magic Scroll Boutique.
 29436 | Orc:2    | Found Humam's General Store.
 29437 | Orc:2    | Found Firod's Magic Scroll Shop.
 29440 | Orc:2    | Found Vufekhlaipa's Armour Shop.
 29444 | Orc:2    | Bought a scroll of enchant armour for 127 gold pieces
 29447 | Orc:2    | Bought a +1 pair of gloves of strength for 231 gold pieces
 29984 | D:13     | Reached ****** piety under Lugonu
 30028 | D:13     | Identified a +2 eveningstar of distortion (a +0 eveningstar
                  | corrupted by Lugonu)
 30028 | D:13     | Received a gift from Lugonu
 30346 | D:13     | Noticed Maurice
 30348 | D:13     | Banished Maurice
 30585 | D:13     | Found a gate to the Vaults.
 30614 | D:13     | Found a runed translucent door.
 30623 | D:13     | Noticed kuniqs's ghost (journeyman DECj)
 30801 | D:14     | Found Lics's Magic Scroll Emporium.
 30805 | D:14     | Bought a scroll of enchant weapon for 97 gold pieces
 31028 | D:14     | Found the +8 demon trident "Rift" {distort, reach+}
 31625 | D:15     | Entered Level 15 of the Dungeon
 31826 | D:15     | Found a staircase to the Depths.
 31958 | D:15     | Reached skill level 15 in Maces & Flails
 32708 | Snake:1  | Entered Level 1 of the Snake Pit
 32722 | Snake:1  | Reached XP level 17. HP: 130/136 MP: 24/24
 33405 | Snake:1  | Got a clouded crystal amulet
 33416 | Snake:1  | Identified the amulet "Luocsenam" {Acrobat rC+ rN+++
                  | Stlth-} (You found it on level 1 of the Snake Pit)
 34647 | Snake:2  | Identified the cursed +0 arbalest "Tesor" {freeze, Str+4
                  | Stlth+}
 34858 | Snake:2  | Found a runed translucent gate.
 34858 | Snake:2  | Found a runed translucent gate.
 34858 | Snake:2  | Found a runed translucent gate.
 34863 | Snake:2  | Noticed Fasorgh's ghost (adept HOBe)
 34950 | Snake:2  | Reached skill level 10 in Evocations
 35311 | Snake:2  | Banished Fasorgh's ghost
 36310 | Snake:4  | Entered Level 4 of the Snake Pit
 37338 | Snake:4  | Reached skill level 10 in Armour
 37985 | Snake:4  | Corrupted Snake:4
 38465 | Snake:4  | Got a serpentine rune of Zot
 38716 | Shoals:1 | Entered Level 1 of the Shoals
 38742 | Shoals:1 | Reached XP level 18. HP: 48/143 MP: 25/25
 39246 | Shoals:1 | Noticed Louise
 39254 | Shoals:1 | Cast into level 2 of the Abyss (Louise)
 39292 | Abyss:2  | Noticed a bone dragon
 39299 | Abyss:2  | Banished a bone dragon
 39304 | Shoals:1 | Escaped the Abyss
 39314 | Shoals:1 | Killed Louise
 41017 | Shoals:2 | Noticed Ilsuiw
 41039 | Shoals:2 | Killed Ilsuiw
 41603 | Shoals:2 | Noticed Roxanne
 41618 | Shoals:2 | Banished Roxanne
 42115 | Shoals:3 | Reached skill level 10 in Throwing
 43247 | Shoals:4 | Entered Level 4 of the Shoals
 43385 | Shoals:4 | Found Kuheruha's Armour Shoppe.
 43911 | Shoals:4 | Got a sparkling iron ring
 43912 | Shoals:4 | Identified the ring of Kikubaaqudgha's Pride {Ice Str+4
                  | Int+2} (You found it on level 4 of the Shoals)
 43936 | Shoals:4 | Noticed Mara
 43940 | Shoals:4 | Noticed MrRokkomies's illusion
 43967 | Shoals:4 | Noticed MrRokkomies's illusion
 43978 | Shoals:4 | Killed Mara
 44260 | Shoals:4 | Reached XP level 19. HP: 154/154 MP: 26/26
 44417 | Shoals:4 | Got a barnacled rune of Zot
 44570 | Shoals:4 | Got a pitted lapis lazuli ring
 45137 | Shoals:4 | Identified the ring "Movaa" {Ice rN+} (You found it on
                  | level 4 of the Shoals)
 45943 | Orc:2    | Bought 3 scrolls of blinking for 315 gold pieces
 45943 | Orc:2    | Bought a scroll of enchant armour for 105 gold pieces
 45945 | Orc:2    | Bought a scroll of blinking for 82 gold pieces
 45945 | Orc:2    | Bought a scroll of fear for 38 gold pieces
 45945 | Orc:2    | Bought a scroll of enchant weapon for 82 gold pieces
 46025 | Vaults:1 | Entered Level 1 of the Vaults
 46026 | Vaults:1 | Upgraded the game from 0.26-a0-491-g70697cc071 to
                  | 0.26-a0-497-g0187308201
 46037 | Vaults:1 | Noticed Aizul
 46050 | Vaults:1 | Killed Aizul
 46401 | Vaults:1 | Found Iloifrij's Distillery.
 46470 | Vaults:1 | Found Qaor's Weapon Emporium.
 47697 | Vaults:1 | HP: 7/158 [rakshasa/lance of force (24)]
 48213 | Vaults:1 | Found Ateten's Antique Armour Shoppe.
 48217 | Vaults:1 | Bought a shiny helmet for 210 gold pieces
 49188 | Vaults:2 | Paralysed by an ogre mage for 5 turns
 49219 | Vaults:2 | Reached XP level 20. HP: 85/166 MP: 28/28
 49800 | Vaults:2 | Found a staircase to the Crypt.
 49884 | Vaults:2 | Reached skill level 11 in Invocations
 50788 | Vaults:3 | Found a shimmering blue altar of Sif Muna.
 50798 | Vaults:3 | Identified the cursed ring of the Jester {Int+2 Dex-4}
 51248 | Vaults:3 | Reached skill level 12 in Invocations
 52561 | Vaults:3 | Reached skill level 13 in Invocations
 52706 | Vaults:3 | Found Quacogg's Armour Boutique.
 53002 | Vaults:3 | Reached XP level 21. HP: 129/176 MP: 30/30
 53823 | Vaults:4 | Noticed Xtahua
 53831 | Vaults:4 | Killed Xtahua
 54111 | Vaults:4 | Found Gozag's Antique Armour Emporium.
 54112 | Vaults:4 | Found Gozag's Assorted Antiques.
 54123 | Vaults:4 | Found an opulent altar of Gozag.
 54123 | Vaults:4 | Found Gozag's Antique Armour Shoppe.
 54141 | Vaults:4 | Noticed Jory
 54564 | Vaults:4 | Reached skill level 14 in Invocations
 54745 | Vaults:4 | Bought a glowing cloak for 750 gold pieces
 54745 | Vaults:4 | Bought a runed cloak for 750 gold pieces
 55036 | Vaults:4 | Banished Jory
 55602 | Crypt:1  | Entered Level 1 of the Crypt
 56495 | Crypt:2  | Noticed an ancient lich
 56500 | Crypt:2  | Banished an ancient lich
 56567 | Crypt:2  | Reached skill level 15 in Invocations
 57220 | Crypt:3  | Entered Level 3 of the Crypt
 57264 | Crypt:3  | Reached XP level 22. HP: 123/186 MP: 33/33
 57460 | Crypt:3  | Corrupted Crypt:3
 57591 | Crypt:3  | Noticed Sojobo
 57605 | Crypt:3  | Banished Sojobo
 58534 | Crypt:3  | Reached skill level 15 in Fighting
 58557 | Crypt:3  | Noticed Mennas
 58569 | Crypt:3  | Killed Mennas
 58917 | Crypt:3  | Found a staircase to the Tomb.
 58963 | Crypt:3  | Noticed an ancient lich
 58968 | Crypt:3  | Killed an ancient lich
 59033 | Crypt:3  | Found the +5 scythe "Finisher" {speed, eviscerate}
 59033 | Crypt:3  | Found a basalt altar of Yredelemnul.
 59246 | Crypt:3  | Found an ancient bone altar of Kikubaaqudgha.
 59321 | Crypt:3  | Got an ancient wooden ring
 59321 | Crypt:3  | Got a shimmering steel ring
 59322 | Crypt:3  | Identified the ring of Leatuuli {rN+ Str+3} (You found it
                  | on level 3 of the Crypt)
 59323 | Crypt:3  | Identified the ring of Cuuzyxt {*Drain rPois rF+ rN+ Dex+3
                  | SInv} (You found it on level 3 of the Crypt)
 59324 | Crypt:3  | Identified the ring of Tempters {rN+ SInv} (You found it on
                  | level 3 of the Crypt)
 59828 | Elf:1    | Entered Level 1 of the Elven Halls
 59863 | Elf:1    | Found a ruined gateway.
 59868 | Desolati | Entered the Desolation of Salt
 59909 | Desolati | Corrupted Desolation
 59941 | Desolati | Found the +2 shield of Resistance {rF+ rC+ MR+}
 59947 | Desolati | Identified the Papyrus of Virous Beguiling
 59996 | Desolati | Identified the Volume of the Hurtful Escort
 60020 | Desolati | Reached skill level 16 in Invocations
 60942 | Desolati | Got a transparent tin ring
 60946 | Desolati | Got a clouded jade ring
 60951 | Desolati | Got a clouded wooden ring
 61088 | Elf:1    | Identified the ring of the Evil One {rC+ Str+6} (You found
                  | it in the Desolation of Salt)
 61091 | Elf:1    | Identified the ring "Zouceimu" {Fire MR+ Str+6} (You found
                  | it in the Desolation of Salt)
 61092 | Elf:1    | Identified the ring "Jesi" {rC+ Dex+7} (You found it in the
                  | Desolation of Salt)
 61405 | Elf:1    | Found Keosad's General Store.
 61668 | Elf:1    | Identified Sif Muna's Reference Book on the Entourage
 61964 | Elf:1    | Found a portal to a secret trove of treasure.
 62282 | Elf:2    | Found a runed translucent gate.
 62283 | Elf:2    | Found a runed translucent gate.
 62284 | Elf:2    | Found a runed translucent gate.
 62917 | Elf:2    | Reached XP level 23. HP: 53/193 MP: 35/35
 63462 | Elf:2    | Reached skill level 17 in Invocations
 63469 | Elf:3    | Entered Level 3 of the Elven Halls
 64027 | Elf:3    | Found a runed translucent gate.
 64027 | Elf:3    | Found a runed translucent gate.
 64030 | Elf:3    | Noticed Morbidden's ghost (adept DsBr)
 64031 | Elf:3    | Found a runed translucent gate.
 64054 | Elf:3    | Killed Morbidden's ghost
 64148 | Elf:3    | Corrupted Elf:3
 64559 | Elf:3    | Identified the ring "Fanusedgh" {*Tele rElec rF++} (You
                  | found it on level 3 of the Elven Halls)
 64560 | Elf:3    | Identified the Reference Book on Envenoming
 64577 | Elf:3    | Identified Further Steps in Secret Knowledge
 64581 | Elf:3    | Identified the ring of Spite {rC- rN++ Stlth+} (You found
                  | it on level 3 of the Elven Halls)
 64637 | Elf:3    | Found the +9 sword of Zonguldrok {reap}
 64939 | Depths:1 | Entered Level 1 of the Depths
 65643 | Depths:1 | Found a one-way gate leading to the halls of Pandemonium.
 66054 | Depths:1 | Found a gateway to Hell.
 66319 | Depths:2 | Found a shattered altar of Ashenzari.
 66479 | Depths:2 | Found Becvifum's Distillery.
 66787 | Depths:2 | Corrupted Depths:2
 66795 | Depths:2 | Noticed the Enchantress
 66813 | Abyss:1  | Killed Maurice
 66819 | Abyss:1  | Killed Erica
 67035 | Abyss:2  | Reached skill level 10 in Shields
 67152 | Depths:2 | Escaped the Abyss
 67154 | Depths:2 | HP: 1/196 [tengu reaver/bolt of lightning (9)]
 67155 | Depths:2 | Mangled by a spriggan berserker

Illustrated notes

Levels and vault maps discovered:
D:1:      minmay_arrival_stone_box, layout_basic, minmay_misc_feat_iff
D:2:      layout_rooms, kennysheep_generic_room_9
D:3:      layout_loops_corners, minmay_pentomino_pile
D:4:      layout_loops_ring
D:5:      layout_loops_corners, minmay_temple_entry_glass, basic_altar
D:6:      layout_loops_ring, vehumet_statue, minitemple, uniq_blork_the_orc
D:7:      layout_cave_pools, eat_drink_and_be_merry_uskayaw,
          lemuel_coloured_pillars_altar, uniq_crazy_yiuf_cottage
D:8:      layout_rooms, nicolae_overflow_hidden_temple, serial_curves,
          eino_curves_01, eino_curves_04, serial_shops, shop, shop,
          nicolae_shop_temple_entry_statues_fountains, shop,
          hangedman_abyss_or_decor_passed, minmay_sticks_and_stones, uniq_grum,
          uniq_erica, uniq_pikel
D:9:      layout_irregular_city, ebering_ghost_disaster_area, uniq_harold,
          uniq_prince_ribbit1
D:10:     layout_layer_cave, serial_shops, shop_fountains, shop, special_room
          [special_room_orc]
D:11:     layout_roguey, dpeg_lair_monsters, amethyst_killhole,
          serial_bayou_pond_c, elyvilon_altar_4
D:12:     layout_big_octagon, erik_orc_4, enter_bailey_3,
          gauntlet_entry_generic, tgw_fedhas, uniq_azrael, uniq_gastronok
D:13:     layout_loops_ring, david_vaults_4, ebering_ghost_reflecting_pool,
          abandoned_shop, uniq_maurice
D:14:     layout_roguey, serial_shops, shop, serial_park_paths
          [serial_park_minivault_5x5_3]
D:15:     hangedman_depths_entry_civil_slaughter, layout_irregular_city,
          minmay_misc_feat_cross
Lair:1:   layout_small_grid, grunt_megastairs_5, uniq_maggie
Lair:2:   layout_misc_corridors, minmay_snake_entry_guardpost_small,
          nicolae_quartered_pool_little, grunt_forest_stairs_clearing,
          serial_bayou_shore_b
Lair:3:   layout_gridlike, minmay_shoals_entry_centaurs,
          minmay_lair_oklob_chamber, infiniplex_staircase_pool_2, uniq_rupert
Lair:4:   layout_concentric_octagons, lemuel_fruit_tree
Lair:5:   layout_cave_pods, slime_altar_1, ebering_ghost_inner_flame,
          grunt_forest_large_clearing_hut, serial_bayou_shore_b
Lair:6:   minmay_lair_end_enchanted_forest, layout_small_grid,
          ebering_ghost_funeral_grove
Shoals:1: layout_shoals, uniq_louise
Shoals:2: layout_shoals, uniq_roxanne, uniq_ilsuiw
Shoals:3: cheibrodos_shoals_gigantism, layout_shoals
Shoals:4: shoals_end_grunt_garden, layout_shoals, serial_shops,
          nicolae_shop_behind_doors, nicolae_shoals_kraken_intersection,
          uniq_mara
Snake:1:  layout_grid_maze, grunt_ministairs_14
Snake:2:  layout_misc_corridors, gammafunk_ghost_necromancy
Snake:3:  layout_onion_interference
Snake:4:  snake_pit, layout_cave_town, grunt_ministairs_13
Orc:1:    layout_caves, serial_shops, shop, portal_ice_cave_entry_pillars_2,
          mines2_david, uniq_josephine
Orc:2:    st_orc_mages, layout_caves, uniq_jorgrun
Elf:1:    layout_geoelf_octagon, serial_shops, shop,
          portal_desolation_entry_ruin, nicolae_trove_entry_columns,
          minmay_elf_demonology, st_stairs_4
Elf:2:    layout_loops_ring, nrook_mini_backslash, hex_tiny, drop_trap
Elf:3:    minmay_elf_hall_dome, layout_gridlike, ebering_ghost_rock_garden,
          roderic_lattice_octagonal_star
Vaults:1: hangedman_vaults_nodes, vaults_dpeg_ring, v_misc_27,
          nicolae_vaults_big_ls, grunt_vaults_twisty,
          nicolae_vaults_little_squares_6, vaults_mumra_minichess_inversion,
          v_misc_33, nicolae_vaults_little_squares_6,
          vaults_room_stairs_pillars, vaults_room_door_ring, v_misc_25,
          layout_vaults_ring, serial_shops, shop, shop, shop_coins, uniq_aizul
Vaults:2: nicolae_vaults_statue_guard, v_alt_pattern_3,
          nicolae_vaults_network_star, vaults_mumra_hexcomb,
          minmay_crypt_entry_simple_plaza, vaults_room_corners,
          ontoclasm_vaults_idyll, ontoclasm_vaults_loading_screen,
          layout_vaults_omnicross
Vaults:3: st_octagons_1, v_alt_pattern_5, vaults_mumra_chevron,
          hangedman_vaults_snaps, vaults_dpeg_hooks,
          nicolae_vaults_twisting_passages, v_misc_3, hangedman_vaults_stream,
          nicolae_vaults_three_branches, vaults_mumra_lcd,
          vaults_room_semicircle, vaults_room_grid,
          nicolae_vaults_little_squares_4, grunt_vaults_hallway_short,
          layout_vaults_maze, basic_altar, serial_shops, shop
Vaults:4: nicolae_vaults_triangles, ontoclasm_vaults_fault,
          kennysheep_vaults_gozag_temple,
          nicolae_vaults_windows_and_doors_thing, vaults_room_door_hall,
          vaults_room_pools, vaults_room_corners, layout_vaults_omnigrid,
          uniq_xtahua, uniq_jory
Crypt:1:  layout_misc_corridors
Crypt:2:  layout_rooms
Crypt:3:  lightli_unholy_cathedral, layout_chaotic_city,
          tomb_entry_sphere_bobbens, uniq_mennas, uniq_sojobo
Depths:1: layout_cave_pools, grunt_hell_entry_dis_mu, grunt_pan_entry_sceptre,
          minmay_the_grid_2x2 [minmay_the_grid_rooms, minmay_the_grid_armoury,
          minmay_the_grid_expand, minmay_the_grid_prize_trominoes]
Depths:2: grunt_forest_end_winery, layout_gridlike, enter_ziggurat_e,
          serial_shops, shop, grunt_mini_vestibule,
          infiniplex_staircase_squiggle, evilmike_ruin_ashenzari,
          serial_bayou_shore_b

Skill      XL: |  1  2  3  4  5  6  7  8  9 10 11 12 13 14 15 16 17 18 19 20 21 22 23 |
---------------+----------------------------------------------------------------------+-----
Dodging        | 1 2 3 4 5 6 7 8 9 10 12 13 14 | 14.3
Invocations    | 3 4 5 6 7 9 10 13 15 16 17 | 17.8
Maces & Flails | 3 4 5 7 8 10 11 13 14 15 16 | 16.0
Fighting       | 4 5 6 8 9 10 11 13 14 15 16 | 16.0
Evocations     | 2 4 6 7 12 14 | 14.4
Shields        | 2 3 5 6 8 9 10 | 10.1
Throwing       | 2 4 6 8 9 10 11 13 14 | 14.5
Armour         | 4 7 10 11 13 14 | 14.0

Action                   |  1- 3 |  4- 6 |  7- 9 | 10-12 | 13-15 | 16-18 | 19-21 | 22-24 || total
-------------------------+-------+-------+-------+-------+-------+-------+-------+-------++-------
Melee: Mace              |    63 |       |       |       |       |       |       |       ||    63
       Tailslap          |    13 |    11 |    44 |   172 |   190 |   292 |   298 |   165 ||  1185
       Flail             |    62 |   121 |       |       |       |       |       |       ||   183
       Morningstar       |       |     7 |   138 |       |       |       |       |       ||   145
       Quarterstaff      |       |       |   250 |       |       |       |       |       ||   250
       Whip              |       |       |    14 |  1252 |  1141 |   449 |       |       ||  2856
       Eveningstar       |       |       |       |       |       |  1151 |  1521 |   928 ||  3600
Throw: Dart              |     2 |     8 |     2 |    26 |    21 |     1 |       |     1 ||    61
       Javelin           |     2 |       |     3 |       |       |       |     9 |    10 ||    24
       Throwing net      |       |       |     3 |     6 |       |       |       |       ||     9
       Boomerang         |       |       |       |       |    31 |    85 |    44 |    37 ||   197
Invok: Depart the Abyss  |     1 |       |       |       |       |       |       |     1 ||     2
       Banish            |       |       |       |    27 |     3 |     6 |     9 |     5 ||    50
       Corrupt           |       |       |       |     1 |       |     1 |       |     4 ||     6
       Brand Weapon With |       |       |       |       |       |     1 |       |       ||     1
       Bend Space        |       |       |       |       |       |       |       |     1 ||     1
       Enter the Abyss   |       |       |       |       |       |       |       |     1 ||     1
 Abil: Rolling Charge    |       |       |    14 |    16 |       |   127 |   105 |    85 ||   347
Evoke: Wand              |       |       |       |    13 |     6 |    18 |     9 |       ||    46
       Phial of floods   |       |       |       |       |     1 |       |       |       ||     1
       Lightning rod     |       |       |       |       |       |     8 |     3 |     4 ||    15
       Phantom mirror    |       |       |       |       |       |     1 |       |     1 ||     2
       Tin of tremorston |       |       |       |       |       |       |     2 |     2 ||     4
  Use: Scroll            |     7 |     3 |     3 |    11 |    14 |    22 |    21 |    24 ||   105
       Potion            |       |     2 |     5 |     4 |     3 |     5 |     8 |    10 ||    37
 Stab: Sleeping          |     1 |       |       |       |       |       |       |       ||     1
       Invisible         |       |       |     1 |       |       |       |       |       ||     1
       Paralysed         |       |       |       |    11 |       |       |       |       ||    11
       Held in net/web   |       |       |       |     5 |       |       |       |       ||     5
       Petrified         |       |       |       |     4 |       |       |       |       ||     4
       Distracted        |       |       |       |       |       |       |       |     2 ||     2
       Confused          |       |       |       |       |       |       |       |     2 ||     2
Armor: Robe              |    52 |    31 |    53 |    18 |       |       |       |       ||   154
       Leather armour    |     1 |       |    13 |   130 |    18 |       |       |       ||   162
       Gold dragon scale |       |       |       |       |   372 |   770 |   666 |   408 ||  2216
Dodge: Dodged            |   109 |   144 |   394 |   831 |   199 |   444 |   431 |   303 ||  2855
Block: Buckler           |       |       |       |    70 |       |       |       |       ||    70
       Kite shield       |       |       |       |    22 |   427 |   845 |   783 |   484 ||  2561

Table legend: (Time is in decaauts)
 A = Elapsed time spent in this place.
 B = Non-inter-level travel time spent in this place.
 C = Inter-level travel time spent in this place.
 D = Time resting spent in this place.
 E = Time spent auto-exploring this place.
 F = Levels seen in this place.
 G = Mean time per level.
                   A        B        C        D        E       F      G
               +--------+--------+--------+--------+--------+-----+--------+
         Total |  65468 |  62294 |   3174 |  13683 |  36978 |  50 | 1309.4 |
       Dungeon |  20094 |  18880 |   1214 |   4234 |  11189 |  15 | 1339.6 |
          Lair |   8790 |   8133 |    657 |   1536 |   5367 |   6 | 1465.0 |
        Shoals |   7147 |   6874 |    273 |   1523 |   4110 |   4 | 1786.8 |
     Snake Pit |   5891 |   5688 |    203 |   1553 |   3367 |   4 | 1472.8 |
  Orcish Mines |   2330 |   2066 |    264 |    586 |    955 |   2 | 1165.0 |
   Elven Halls |   3739 |   3554 |    185 |    468 |   2378 |   3 | 1246.3 |
        Vaults |   9371 |   9128 |    243 |   2306 |   5084 |   4 | 2342.8 |
         Crypt |   3961 |   3855 |    106 |    832 |   2373 |   3 | 1320.3 |
        Depths |   1626 |   1601 |     25 |      0 |   1202 |   2 |  813.0 |
         Abyss |    481 |    481 |      0 |    193 |     81 |   4 |  120.2 |
        Bailey |    435 |    435 |      0 |      0 |    164 |   1 |  435.0 |
      Ice Cave |    457 |    457 |      0 |    250 |     19 |   1 |  457.0 |
    Desolation |   1140 |   1140 |      0 |    199 |    688 |   1 | 1140.0 |
               +--------+--------+--------+--------+--------+-----+--------+

Top non-repeatable levels by time:
Vaults:3: 3047 daAuts
    D:11: 2967 daAuts
Vaults:1: 2497 daAuts
 Crypt:3: 2364 daAuts
     D:9: 2322 daAuts
Shoals:4: 2273 daAuts
Vaults:4: 1915 daAuts
Vaults:2: 1910 daAuts
Shoals:2: 1900 daAuts
 Snake:4: 1833 daAuts
  Lair:2: 1763 daAuts
     D:5: 1697 daAuts
  Lair:6: 1649 daAuts
Shoals:1: 1637 daAuts
     D:6: 1598 daAuts
